 Dungeon Crawl Stone Soup version 0.30-a0-870-gc5d4c5acee (webtiles) character file.

Game seed: 327634247874518163

634176 112233 the Sorcerer (level 27, -1/276 HPs)
             Began as a Naga Summoner on Mar 9, 2023.
             Was an Initiate of Gozag.
             Killed by divine providence
             ... invoked by a daeva
              (14 damage)
             ... on level 17 of a ziggurat on Mar 11, 2023.
             The game lasted 04:59:39 (128958 turns).

112233 the Sorcerer (Naga Summoner)               Turns: 128958, Time: 04:59:40

Health: -1/276     AC: 31    Str: 10    XL:     27
Magic:  0/60       EV: 19    Int: 47    God:    Gozag
Gold:   1583       SH: 26    Dex: 14    Spells: 0/75 levels left

rFire   . . .      SeeInvis +    Y - staff of death
rCold   . . .      Faith    .    q - +5 Storm Queen's Shield {shock, Fly rElec}
rNeg    + + +      Spirit   +    d - melded +2 robe of the Fortifying Gods {Rampage Str-3 Dex+7 Archmagi}
rPois   ∞          Reflect  .    S - +1 hat of the Skies Above {*Corrode Regen+ Int+9 Dex-3}
rElec   +          Rampage  .    W - +4 dragonskin cloak
rCorr   .                        T - melded +0 pair of gloves of Chimes {rElec Int+2}
Will    +++..                    Z - melded +4 barding
Stlth   ++                       X - brooch of Shielding {Spirit SH+8}
HPRegen 1.46/turn                H - +6 ring of intelligence
MPRegen 0.37/turn                k - ring "Nalif" {rN+ MP+9 Int+3}

@: statue-form, forested, corroded, flying, glowing, studying 5 skills, very
slow
A: slow and powerful, torment resistance 1, boosted hp, AC +9, large, see
invisible, deformed body, poison resistance, (slowness 2), spit poison 1, naga
tail 2, beak, agile 1, clever 1, sense surroundings 1
}: 3/15 runes: decaying, silver, gossamer
a: Spit Poison, End Transformation, Renounce Religion, Potion Petition, Call
Merchant, Bribe Branch


You were on level 17 of a ziggurat.
You worshipped Gozag.
Gozag was most pleased with you.
You were a living statue of rough stone.
You visited 13 branches of the dungeon, and saw 53 of its levels.
You visited the Abyss 3 times.
You visited 1 ziggurat, and saw 17 of its levels.
You also visited: Bailey and Ice Cave.

You collected 35517 gold pieces.
You spent 8577 gold pieces at shops.
You paid 25357 gold pieces to Gozag.

Inventory:

Hand Weapons
 e - the +8 scimitar of Scuffed Integrity {speed, rElec rF+ Int+2 Stlth-}
   (You found it on level 1 of the Spider Nest)

   Int:       It affects your intelligence (+2).
   rF:        It protects you from fire.
   rElec:     It insulates you from electricity.
   Stlth:     It makes you less stealthy.
 l - the +7 great mace "Firestarter" {flame, inner flame, rFlCloud rF++}
   (You found it on level 14 of a ziggurat)

   rFlCloud:  It grants immunity to clouds of flame.
   rF:        It greatly protects you from fire.
Missiles
 O - a throwing net
Armour
 d - the +2 robe of the Fortifying Gods (melded) {Rampage Str-3 Dex+7 Archmagi}
   (You found it on level 8 of the Dungeon)

   Str:       It affects your strength (-3).
   Dex:       It affects your dexterity (+7).
   Rampage:   It bestows one free step when moving towards enemies.
   Archmagi:  It increases the power of your magical spells.
 q - the +5 Storm Queen's Shield (worn) {shock, Fly rElec}
   (You bought it in a shop on level 2 of the Depths)

   Shock:     When it blocks an attack, it may electrocute the attacker.
   This works even against foes who are a short distance away.
   rElec:     It insulates you from electricity.
   Fly:       It grants you flight.
 A - the +4 moon troll leather armour {Spirit, Regen++ MP+5}
   (You found it on level 16 of a ziggurat)

   MP:        It affects your magic capacity (+5).
   Regen:     It increases your rate of health regeneration.
 S - the +1 hat of the Skies Above (worn) {*Corrode Regen+ Int+9 Dex-3}
   (You acquired it on level 3 of the Vaults)

   Int:       It affects your intelligence (+9).
   Dex:       It affects your dexterity (-3).
   Regen:     It increases your rate of health regeneration.
   *Corrode:  It may corrode you when you take damage.
 T - the +0 pair of gloves of Chimes (melded) {rElec Int+2}
   (You found it on level 1 of the Spider Nest)

   Int:       It affects your intelligence (+2).
   rElec:     It insulates you from electricity.
 W - the +4 dragonskin cloak (worn)
   (You took it off Tiamat on level 1 of the Realm of Zot)

   Avatar's Aegis: It grants the wearer a chance to resist fire, cold, poison,
   electricity, acid, and negative energy.
 Z - a +4 barding (melded)
Magical Staves
 Y - a staff of death (weapon)
Jewellery
 c - the ring of Beogh's Inspiration {rC++ AC+4}
   (You found it on level 11 of a ziggurat)

   [ring of protection]

   AC:        It affects your AC (+4).
   rC:        It greatly protects you from cold.
 k - the ring "Nalif" (right fist) {rN+ MP+9 Int+3}
   (You took it off a fire giant on level 5 of the Vaults)

   [ring of magical power]

   Int:       It affects your intelligence (+3).
   rN:        It protects you from negative energy.
   MP:        It affects your magic capacity (+9).
 y - a ring of wizardry
 H - a +6 ring of intelligence (left fist)
 L - the amulet of the King {RegenMP rN+}
   (You bought it in a shop on level 1 of the Depths)

   [amulet of magic regeneration]

   It increases your rate of magic regeneration.
   rN:        It protects you from negative energy.
 V - the ring of Generosity {rPois rF++ rC+ Will+ rCorr}
   (You found it on level 1 of the Vaults)

   [ring of protection from cold]

   rF:        It greatly protects you from fire.
   rC:        It protects you from cold.
   rPois:     It protects you from poison.
   rCorr:     It protects you from acid and corrosion.
   Will:      It increases your willpower.
 X - the brooch of Shielding (around neck) {Spirit SH+8}
   (You bought it in a shop on level 11 of the Dungeon)

   [amulet of guardian spirit]

   It causes incoming damage to be divided between your reserves of health and
   magic.
   SH:        It affects your SH (+8).
Wands
 p - a wand of roots (7)
 C - a wand of digging (25)
 G - a wand of light (5)
 K - a wand of mindburst (13)
 M - a wand of paralysis (17)
 R - a wand of polymorph (6)
Scrolls
 a - 11 scrolls of teleportation
 f - 20 scrolls of fog
 i - 7 scrolls of amnesia
 t - 2 scrolls of fear
 u - 4 scrolls of torment
 E - 14 scrolls of immolation
 I - 7 scrolls of magic mapping
 J - 6 scrolls of poison
 N - 42 scrolls of identify
 P - 5 scrolls of butterflies
Potions
 b - 7 potions of attraction
 g - 14 potions of haste
 h - 3 potions of berserk rage
 j - 13 potions of curing
 m - 6 potions of might
 o - 5 potions of invisibility
 v - 13 potions of ambrosia
 x - 6 potions of brilliance
 B - 6 potions of mutation
 D - 6 potions of resistance
 F - 2 potions of cancellation
 U - 10 potions of heal wounds
Miscellaneous
 n - a phantom mirror
 r - a phial of floods
 s - a condenser vane
 w - a lightning rod (4/4)
 z - a tin of tremorstones (2/2)
 Q - a box of beasts


   Skills:
 + Level 21.5 Fighting
 + Level 4.8 Staves
 + Level 0.2 Armour
 + Level 21.5 Dodging
 - Level 9.3 Stealth
 - Level 15.0 Shields
 + Level 24.8 Spellcasting
 - Level 19.4 Summonings
 * Level 19.1 Necromancy
 - Level 5.0 Translocations
 - Level 1.9 Transmutations
 - Level 4.8 Air Magic
 - Level 11.4 Earth Magic
 - Level 6.3 Poison Magic
 - Level 10.3 Evocations


You couldn't memorise any spells.
You knew the following spells:

 Your Spells              Type           Power      Damage    Failure   Level
a - Haunt                 Necr/Summ      75%        N/A       1%          7
b - Summon Hydra          Summ           63%        N/A       1%          7
c - Borgnjor's Vile Clut  Necr/Erth      70%        N/A       1%          5
d - Statue Form           Tmut/Erth      58%        N/A       3%          6
e - Apportation           Tloc           100%       N/A       1%          1
f - Summon Forest         Summ/Tloc      53%        N/A       1%          5
g - Blink                 Tloc           100%       N/A       1%          2
h - Necromutation         Tmut/Necr      62%        N/A       32%         8
i - Death's Door          Necr           75%        N/A       14%         9
j - Ignite Poison         Fire/Tmut/Pois 71%        N/A       1%          3
k - Borgnjor's Revivific  Necr           75%        N/A       1%          8
l - Sublimation of Blood  Necr           100%       N/A       0%          2
m - Infestation           Necr           75%        N/A       1%          8
n - Olgreb's Toxic Radia  Pois           87%        N/A       1%          4

Your spell library contained the following spells:

 Spells                   Type           Power      Damage    Failure   Level
 Kiss of Death            Conj/Necr      100%       2d13      0%          1
 Necrotise                Necr           100%       1d9       0%          1
 Sandblast                Erth           100%       2d20      0%          1
 Summon Small Mammal      Summ           100%       N/A       0%          1
 Call Imp                 Summ           100%       N/A       0%          2
 Cigotuvi's Dreadful Rot  Necr/Pois/Air  100%       N/A       0%          2
 Call Canine Familiar     Summ           100%       N/A       0%          3
 Vampiric Draining        Necr           100%       2d13      0%          3
 Animate Armour           Summ/Erth      100%       N/A       0%          4
 Dispel Undead            Necr           100%       3d31      0%          4
 Foxfire                  Conj/Fire      100%       2x1d9     1%          1
 Freeze                   Ice            100%       1d10      1%          1
 Magic Dart               Conj           100%       1d8       1%          1
 Shock                    Conj/Air       100%       1d9       1%          1
 Slow                     Hex            100%       N/A       1%          1
 Sting                    Tmut/Pois      100%       1d8       1%          1
 Lesser Beckoning         Tloc           100%       N/A       1%          2
 Momentum Strike          Conj/Tloc      100%       3d10      1%          2
 Passwall                 Tmut/Erth      73%        N/A       1%          2
 Poisonous Vapours        Pois/Air       100%       N/A       1%          2
 Searing Ray              Conj           100%       2d8       1%          2
 Static Discharge         Conj/Air       100%       2-7/arc   1%          2
 Wereblood                Tmut           66%        N/A       1%          2
 Confusing Touch          Hex            55%        N/A       1%          3
 Dazzling Flash           Conj/Hex       100%       N/A       1%          3
 Gell's Gravitas          Tloc           81%        N/A       1%          3
 Hailstorm                Conj/Ice       55%        3d12      1%          3
 Inner Flame              Hex/Fire       55%        N/A       1%          3
 Mephitic Cloud           Conj/Pois/Air  75%        N/A       1%          3
 Ozocubu's Armour         Ice            55%        N/A       1%          3
 Portal Projectile        Hex/Tloc       100%       N/A       1%          3
 Spider Form              Tmut/Pois      77%        N/A       1%          3
 Stone Arrow              Conj/Erth      100%       3d13      1%          3
 Summon Guardian Golem    Hex/Summ       99%        N/A       1%          3
 Swiftness                Air            81%        N/A       1%          3
 Teleport Other           Tloc           81%        N/A       1%          3
 Vhi's Electric Charge    Tloc/Air       100%       N/A       1%          3
 Airstrike                Air            40%        2d(6-22)  1%          4
 Anguish                  Hex/Necr       61%        N/A       1%          4
 Iskenderun's Mystic Bla  Conj/Tloc      70%        2d14      1%          4
 Leda's Liquefaction      Hex/Erth       42%        N/A       1%          4
 Manifold Assault         Tloc           81%        N/A       1%          4
 Summon Ice Beast         Ice/Summ       99%        N/A       1%          4
 Summon Lightning Spire   Summ/Air       100%       N/A       1%          4
 Alistair's Intoxication  Tmut/Pois      51%        N/A       1%          5
 Lee's Rapid Deconstruct  Erth           52%        3d25*     1%          5
 Summon Mana Viper        Hex/Summ       99%        N/A       1%          5
 Death Channel            Necr           75%        N/A       1%          6
 Monstrous Menagerie      Summ           63%        N/A       1%          7
 Ice Form                 Ice/Tmut       61%        N/A       2%          4
 Cause Fear               Hex            27%        N/A       3%          4
 Flame Wave               Conj/Fire      55%        2d13      3%          4
 Fulminant Prism          Conj/Hex       27%        3d14      3%          4
 Sticky Flame             Conj/Fire      55%        2d7       3%          4
 Arcjolt                  Conj/Air       34%        1d44      3%          5
 Blade Hands              Tmut           33%        N/A       4%          5
 Freezing Cloud           Conj/Ice/Air   32%        6-21      5%          5
 Iron Shot                Conj/Erth      42%        9d8       5%          6
 Spellforged Servitor     Conj/Summ      49%        N/A       5%          7
 Irradiate                Conj/Tmut      30%        3d21      7%          5
 Dispersal                Tloc           40%        N/A       7%          6
 Fireball                 Conj/Fire      27%        3d12      10%         5
 Iskenderun's Battlesphe  Conj           55%        2d11      10%         5
 Metabolic Englaciation   Hex/Ice        27%        N/A       10%         5
 Eringya's Noxious Bog    Tmut/Pois      38%        N/A       11%         6
 Starburst                Conj/Fire      27%        6d9       50%         6
 Storm Form               Tmut/Air       37%        N/A       61%         7
 Dragon Form              Tmut           33%        N/A       80%         7
 Lehudib's Crystal Spear  Conj/Erth      42%        10d10     92%         8
 Disjunction              Tloc           40%        N/A       96%         8
 Enfeeble                 Hex            27%        N/A       97%         7
 Ozocubu's Refrigeration  Ice            27%        4d13      97%         7
 Maxwell's Capacitive Co  Air            40%        ∞         97%         8
 Discord                  Hex            27%        N/A       100%        8
 Ignition                 Fire           27%        3d9       100%        8
 Fire Storm               Conj/Fire      27%        8d7       100%        9
 Polar Vortex             Ice            27%        N/A       100%        9
 Animate Dead             Necr           Unusable   N/A       N/A         4
 Simulacrum               Ice/Necr       Unusable   N/A       N/A         6

Dungeon Overview and Level Annotations

Branches:
Dungeon (15/15)            Temple (1/1) D:6            Lair (5/5) D:10
  Swamp (4/4) Lair:3       Spider (4/4) Lair:2        Slime (5/5) Lair:5
    Orc (2/2) D:11            Elf (3/3) Orc:2        Vaults (5/5) D:14
  Crypt (3/3) Vaults:3       Tomb (0/3) Crypt:3      Depths (4/4) D:15
   Hell (visited)             Zot (1/5) Depths:4     Bailey (visited)
  IceCv (visited)
    Dis: Hell:1         Geh: Hell:1         Coc: Hell:1         Tar: Hell:1

Altars:
Ashenzari
Cheibriados
Dithmenos
Elyvilon
Gozag
Hepliaklqana
Kikubaaqudgha
Makhleb
Nemelex Xobeh
Okawaru
Qazlal
Ru
Sif Muna
Trog
Uskayaw
Vehumet
Wu Jian
Xom
Yredelemnul
Zin
The Shining One
Jiyva

Shops:
D:2 *   D:6 *   D:11 ?*=*?*   Orc:2 !*(=[   Elf:1 :=:   Vaults:1 *:[?
Vaults:4 :[   Vaults:5 [   Depths:1 =[*   Depths:2 [   Depths:4 !

Portals:
Hell: Depths:1 Depths:2 Depths:3 Depths:4
Abyss: Depths:2 Depths:3
Pandemonium: Depths:2 Depths:4

Annotations:
D:4 2 runed translucent doors, flt's ghost, novice DgTm
D:8 exclusion: upstairs
D:12 1 runed translucent door, martbhell's ghost, journeyman MiBe
D:13 exclusion: upstairs
D:14 2 transporters, thfrgi's ghost, journeyman DsCK
Temple 2 transporters
Spider:2 3 runed translucent doors, Wolaime's ghost, journeyman OpVM
Slime:2 exclusion: upstairs
Slime:5 Royal Jelly
Elf:1 3 runed translucent doors
Elf:2 3 runed translucent doors
Vaults:2 exclusion: downstairs
Vaults:3 exclusion: downstairs


Innate Abilities, Weirdness & Mutations

You are a living statue of rough stone.
Your actions are slow, but your melee attacks are powerful.
You are resistant to unholy torment.
Your maximum health is greatly increased.
Your equipment is partially melded.
((Your serpentine skin is tough. (AC +9)))
You have supernaturally acute eyesight. (SInv)
Armour fits poorly on your strangely shaped body.
Your system is resistant to poisons. (rPois)
((You cover ground very slowly.))
You can spit poison.
You can use your snake-like lower body to constrict enemies.
You have a beak for a mouth.
You are agile. (Dex +4, Str/Int -1)
Your mind is acute. (Int +4, Str/Dex -1)
You passively map a small area around you.


Message History

You hear a deafening roar!
You hear a shout!
Unknown command.
Unknown command.
Casting: Summon Forest (safe; 1% risk of failure)
Confirm with . or Enter, or press ? or * to list all spells.
Okay, then.
Okay, then.
Unknown command.
Casting: Summon Forest (safe; 1% risk of failure)
Confirm with . or Enter, or press ? or * to list all spells.
Okay, then.
Casting: Summon Forest (safe; 1% risk of failure)
Confirm with . or Enter, or press ? or * to list all spells.
You blink.
The angel no longer looks unusually strong.
The cherub no longer looks unusually strong.
The trees move their gnarly branches around.
The angel is waved at by a branch.
The daeva is hit by a branch!
The angel is waved at by a branch.
A tree reaches out and hits the daeva!
The cherub is hit by a branch!
Your death scarab bites the apis.
Your death scarab closely misses the apis.
A daeva comes into view.
It is wielding a +2 scimitar of holy wrath.
Your dryad is smitten.
The apis barely misses your dryad.
The daeva calls down the wrath of the Shining One upon you.
The Shining One smites you!
* * * LOW HITPOINT WARNING * * *
The daeva calls down the wrath of the Shining One upon you.
The Shining One smites you!
* * * LOW HITPOINT WARNING * * *
The angel goes into a battle-frenzy!
The pearl dragon breathes cleansing flame at you.
The blast of cleansing flame engulfs your death scarab!!!
Your death scarab writhes in agony!
Your death scarab is destroyed!
The apis gores your dryad!!
The daeva calls down the wrath of the Shining One upon you.
The Shining One smites you!
You die...
Your body crumbles into a pile of gold.

▓▓ ▓▓▓▓▓▓.▓▓ ▓
▓▓......♣....
▓▓▓..♣.8.......
▓▓..............
▓*.......♣.......
▓..#.♣...♣....... ,
▓▓.....§A.........
,
▓▓..A♣A♣AAR.......A
▓....♣A§§YA.♣......
▓..♣...D.§D........
* ▓..♣.Y....§....♣
,


You could see an apis (distracted, ally target), 5 daevas, a pearl dragon, 2
angels, a cherub (strong, infested) and a friendly dryad (summoned).

Vanquished Creatures
  2 ancient liches
  the Lernaean hydra (Swamp:4)
  4 caustic shrikes
  A Tzitzimitl (Zig:6)
  3 bone dragons
  A pandemonium lord (Zig:6)
  2 hellephants
  2 titans
  An acid blob (Slime:5)
  A quicksilver dragon (Zig:15)
  An ancient champion (Zig:11)
  A tentacled starspawn (Zig:14)
  4 sphinxes
  A shadow dragon (Depths:4)
  4 tengu reavers
  A draconian monk (Depths:4)
  A rockslime (Slime:5)
  A storm dragon (Depths:4)
  A draconian knight (Zot:1)
  A fire giant (Depths:2)
  An azure jelly (Slime:5)
  6 vault wardens
  An iron dragon (Vaults:4)
  7 frost giants
  A curse skull (Zig:11)
  3 broodmothers
  3 ghouls
  An orc warlord (Zig:16)
  2 quicksilver oozes
  An ironbound thunderhulk (Vaults:3)
  2 cacodemons
  A juggernaut skeleton (Crypt:2)
  5 ironbound preservers
  5 stone giants
  6 very ugly things
  An ophan (Zig:17)
  2 apis (Zig:17)
  7 vampire knights
  An eleionoma (Swamp:1)
  A green draconian (Zot:1)
  A black draconian (Depths:4)
  A deep elf annihilator (Zig:12)
  A purple draconian (Zot:1)
  A lorocyproca (Hell)
  A bunyip (Swamp:3)
  A dire elephant (Zig:13)
  2 eidola
  3 spark wasps
  2 deep elf death magi
  A blizzard demon (Abyss:4)
  4 jiangshi (Crypt:2)
  4 ettins
  A fire dragon (Depths:2)
  2 great orbs of eyes
  A mummy priest (Crypt:3)
  3 yaktaur captains
  Fannar (D:11)
  Harold (D:11)
  6 vault guards
  2 ice dragons (Depths:1)
  3 catoblepae
  5 hydras
  An alligator (Swamp:4)
  A radroach (Spider:1)
  A death knight (Crypt:2)
  A dancing weapon (Elf:1)
  2 two-headed ogres
  2 boulder beetles
  A nameless horror (Lair:2)
  4 vampire magi
  4 death yaks
  A deep troll earth mage (Depths:1)
  A spriggan berserker (Depths:1)
  11 hell knights
  2 storm dragon zombies
  A shadow wraith (Crypt:2)
  A deep elf knight (Elf:2)
  A skyshark (Lair:1)
  3 iron trolls (Zig:16)
  A glowing orange brain (Vaults:3)
  7 deep trolls
  3 flayed ghosts
  5 spriggan druids
  2 ironbound convokers (Zig:12)
  4 phantasmal warriors
  3 wizards
  3 necromancers
  5 orc knights
  A steelbarb worm (Spider:3)
  2 deep elf pyromancers
  An orc sorcerer (Zig:16)
  A wolf spider (Spider:4)
  4 ugly things
  A worldbinder (Abyss:2)
  4 cyclopes
  A salamander (Depths:4)
  An elephant (Zig:13)
  A stone giant zombie (D:15)
  5 moths of wrath
  3 vault sentinels
  An apocalypse crab (Abyss:2)
  3 black mambas
  3 smoke demons (Zig:14)
  A centaur zombie (Crypt:2)
  A cane toad (Lair:5)
  An alligator snapping turtle zombie (Crypt:1)
  A demonic crawler (Spider:2)
  6 hellions
  2 torpor snails (Lair:5)
  A yaktaur (Vaults:1)
  A rime drake (Zig:8)
  5 komodo dragons
  A tengu conjurer (Depths:1)
  An anaconda simulacrum (Abyss:3)
  4 ancient zymes
  2 trolls
  2 guardian mummies (Crypt:3)
  A merfolk (shapeshifter) (Zig:12)
  A polar bear (Zig:9)
  A tarantella (Spider:1)
  A dream sheep (Zig:13)
  8 raiju
  A snapping turtle (shapeshifter) (Zig:15)
  7 blink frogs
  4 large abominations
  3 culicivoras
  3 flying skulls
  A slime creature (Vaults:3)
  7 yaks
  A vampire (Abyss:2)
  A ynoxinul (Zig:14)
  A basilisk (Zig:8)
  2 wyverns
  A fire bat (Abyss:3)
  3 wraiths
  A vampire mosquito (Swamp:4)
  6 neqoxecs
  4 redbacks
  A harpy simulacrum (Crypt:2)
  A swamp worm (Lair:3)
  6 water moccasins
  10 orc warriors
  A small abomination (Abyss:3)
  4 ogres (Zig:16)
  2 wolves
  A lindwurm skeleton (Crypt:2)
  A centaur (Bailey)
  2 bullfrogs
  2 necrophages (Crypt:2)
  An electric eel (D:11)
  5 orc priests
  6 starcursed masses
  3 orc wizards
  A mummy (Crypt:3)
  A gnoll (Zig:16)
  2 white imps
  8 orcs
  2 endoplasms
  A hobgoblin (D:1)
  A kobold (D:3)
  3 rats
  4 snaplasher vines
  A starspawn tentacle (Zig:14)
398 creatures vanquished.

Vanquished Creatures (collateral kills)
  Dissolution (Slime:2)
  2 ancient liches
  5 dread liches
  Tiamat (Zot:1)
  A juggernaut (Zig:16)
  Mara (Spider:4)
  A royal mummy (Crypt:3)
  Parghit (Zot:1)
  Bai Suzhen (Depths:1)
  Frederick (Vaults:4)
  A curse toe (Zot:1)
  2 caustic shrikes (Zig:13)
  Xtahua (Depths:4)
  Geryon (Hell)
  4 golden dragons
  4 bone dragons
  Nikola (Depths:1)
  A Brimstone Fiend (Zig:4)
  A walking crystal tome (Depths:2)
  3 hellephants
  The ghost of Ler Ylut the Slayer, an adept HOMo of the Shining One (Vaults:1)
  9 liches
  10 tentacled monstrosities
  6 titans
  3 quicksilver dragons
  2 deep elf master archers
  A walking divine tome (Depths:3)
  9 tentacled starspawn
  A walking frostbound tome (Zig:14)
  2 deep elf blademasters
  Murray (Depths:2)
  The ghost of Grim the Acolyte, an adept MiFi of the Shining One (Spider:1)
  An Executioner (Abyss:2)
  11 acid blobs
  8 death cobs
  7 sphinxes
  2 ancient champions
  Agnes (Spider:3)
  2 thorn hunters
  4 tengu reavers
  3 storm dragons
  Kirke (D:13)
  6 fire giants
  Donald (Spider:4)
  2 revenants
  2 fenstrider witches
  6 shadow dragons
  Roxanne (Spider:1)
  5 rockslimes
  5 azure jellies
  4 emperor scorpions
  10 frost giants
  4 balrugs
  An iron dragon (Vaults:4)
  3 spectral caustic shrikes (Depths:4)
  Louise (Swamp:3)
  10 vault wardens
  3 orc warlords
  2 draconian shifters (Zot:1)
  A curse skull (Crypt:2)
  3 draconian scorchers
  4 deep elf sorcerers
  2 deep elf elementalists (Elf:3)
  24 ironbound preservers
  9 ghouls
  23 very ugly things
  4 broodmothers
  2 spriggan defenders
  7 quicksilver oozes
  2 reapers
  A quicksilver ooze (shapeshifter) (Zig:10)
  A caustic shrike skeleton (Crypt:2)
  4 war gargoyles
  A demonspawn corrupter (Zig:7)
  A juggernaut skeleton (Crypt:3)
  A demonspawn blood saint (Zig:6)
  11 stone giants
  7 ironbound thunderhulks
  5 draconian annihilators
  2 green draconians
  Nessos (D:14)
  4 black draconians
  5 vampire knights
  2 eleionomae
  6 deep elf demonologists
  2 white draconians (Zot:1)
  14 dire elephants
  8 deep elf annihilators (Elf:3)
  2 yellow draconians (Zot:1)
  4 red draconians
  43 starcursed masses
  4 bunyips
  12 ettins
  5 purple draconians
  9 spark wasps
  A crystal guardian (Abyss:2)
  3 green deaths
  4 eidola
  8 deep elf death magi
  9 fire dragons
  13 yaktaur captains
  A blizzard demon (Abyss:2)
  3 mummy priests (Crypt:3)
  Josephine (D:13)
  4 jiangshi
  2 deep elf high priests (Elf:3)
  5 entropy weavers
  A hell beast (Depths:2)
  4 great orbs of eyes
  5 spriggan air magi
  4 spriggan zombies
  6 rakshasas
  25 vault guards
  A jorogumo (Spider:4)
  27 hydras
  9 ice dragons
  A ghost crab (Swamp:3)
  5 ironbound frosthearts
  A salamander tyrant (Depths:4)
  2 ogre magi
  A catoblepas (Zig:13)
  4 deep troll shamans
  3 two-headed ogres
  5 radroaches
  3 boulder beetles
  Erica (D:10)
  4 alligators
  An alligator (shapeshifter) (Zig:12)
  6 tengu warriors
  2 centaur warriors
  2 death yaks (Lair:2)
  4 vampire magi
  2 hell hogs
  An azure jelly zombie (Crypt:3)
  5 deep troll earth magi
  3 titan zombies
  13 dancing weapons
  7 spriggan berserkers
  12 thrashing horrors
  4 skysharks
  A shock serpent (shapeshifter) (Zig:12)
  12 spriggans
  28 hell knights
  5 wretched stars
  6 soul eaters
  7 deep elf knights
  3 sun demons
  A titan skeleton (Vaults:3)
  3 salamander mystics
  11 skeletal warriors
  2 sixfirhies
  7 iron trolls
  A skyshark (shapeshifter) (Zig:12)
  5 goliath frogs
  9 pharaoh ants
  Lodul (D:11)
  2 anaconda zombies
  3 shadow wraiths
  4 sun moths
  3 death drakes
  7 flayed ghosts
  13 orb spiders
  18 swamp dragons
  69 deep trolls
  A tengu zombie (Hell)
  A golden dragon skeleton (Zot:1)
  3 spatial maelstroms
  6 steelbarb worms
  An obsidian statue (Zig:4)
  3 lindwurms
  3 spriggan druids
  3 wolf spider zombies (Spider:1)
  11 bog bodies
  18 ironbound convokers
  19 deep elf pyromancers
  15 orc knights
  2 swamp dragons (shapeshifter)
  19 deep elf zephyrmancers
  4 orange crystal statues
  14 phantasmal warriors
  12 necromancers
  A spectral wolf spider (Spider:1)
  A harpy (Vaults:1)
  13 deep elf archers
  8 wizards
  42 ugly things
  5 manticores
  4 orc sorcerers
  28 wolf spiders
  2 sphinx zombies (Hell)
  2 stone giant zombies
  2 shadow dragon skeletons
  5 shining eyes
  A frost giant zombie (Hell)
  6 salamanders
  5 will-o-the-wisps
  5 cyclopes
  10 elephants (Lair:5)
  2 apocalypse crabs
  10 moths of wrath
  A guardian serpent (Lair:5)
  2 worldbinders
  11 black mambas
  3 molten gargoyles (Hell)
  A rust devil (Depths:4)
  8 torpor snails
  17 vault sentinels
  A naga mage (Abyss:3)
  A torpor snail (shapeshifter) (Depths:3)
  Joseph (D:8)
  A gargoyle (D:9)
  10 cane toads
  3 eyes of devastation
  8 smoke demons
  A shock serpent skeleton (Crypt:2)
  4 demonic crawlers
  A fire giant skeleton (D:15)
  An orange demon (Abyss:3)
  An ice statue (Zig:4)
  4 human zombies
  7 komodo dragons
  A hellion (Abyss:4)
  A kobold demonologist (D:9)
  Maggie (D:7)
  2 efreet (D:9)
  4 freezing wraiths
  A tormentor (Abyss:3)
  A rime drake (Lair:5)
  31 guardian mummies (Crypt:3)
  4 ancient zymes
  A sea snake zombie (Crypt:2)
  2 red devils (Depths:4)
  9 tengu conjurers
  A hydra zombie (Crypt:3)
  A steelbarb worm zombie (Crypt:2)
  2 alligator snapping turtle skeletons
  37 yaktaurs
  A harpy zombie (Crypt:3)
  A queen bee (Spider:1)
  7 meliai
  6 trolls
  A death yak skeleton (Crypt:3)
  A yellow draconian skeleton (Crypt:3)
  A hellwing (Depths:4)
  19 large abominations
  19 hornets
  11 nameless horrors
  4 wolf spider simulacra (Spider:1)
  9 tyrant leeches
  A harpy skeleton (Crypt:1)
  3 polar bears
  12 raiju
  35 tarantellas
  22 blink frogs
  A snapping turtle (shapeshifter) (Zig:15)
  56 slime creatures
  28 culicivoras
  10 wraiths
  10 air elementals
  7 flying skulls
  A spriggan skeleton (D:15)
  2 vampires
  An alligator skeleton (Crypt:1)
  46 jumping spiders
  A dire elephant simulacrum (Crypt:3)
  A slime creature zombie (Crypt:3)
  13 wyverns
  4 ynoxinuls
  7 ushabtiu (Crypt:3)
  A hog (D:13)
  A shadow (Abyss:4)
  6 water elementals
  4 golden eyes (Slime:2)
  63 yaks
  5 basilisks
  83 redbacks
  A tyrant leech zombie (Crypt:3)
  Grum (D:10)
  2 chaos spawn (Abyss:3)
  An elf simulacrum (Vaults:4)
  13 fire elementals
  5 vampire mosquitoes
  4 neqoxecs
  4 nagas
  A glowing shapeshifter zombie (Vaults:5)
  16 swamp worms
  A swamp worm (shapeshifter) (Depths:1)
  2 naga zombies
  15 wargs
  A demonspawn zombie (Crypt:1)
  6 spatial vortices
  5 acid dragons
  A water moccasin (shapeshifter) (D:9)
  23 water moccasins
  A hell hound (Zig:3)
  9 swamp drakes
  A fire bat skeleton (Crypt:1)
  5 great orb of eyes simulacra (IceCv)
  A sky beast (D:7)
  A black mamba simulacrum (Crypt:1)
  An ice beast (D:5)
  54 orc warriors
  A hornet zombie (Crypt:1)
  4 boggarts
  A manticore zombie (Crypt:3)
  8 small abominations
  3 black bears
  16 centaurs
  19 ogres
  14 wolves
  A wolf (shapeshifter) (D:13)
  A slime creature simulacrum (IceCv)
  3 phantoms
  A hog skeleton (Crypt:1)
  3 elf zombies (Elf:3)
  4 kobold brigands
  11 necrophages
  A human skeleton (Vaults:5)
  An elf skeleton (Crypt:1)
  2 glowing shapeshifter simulacra (IceCv)
  7 bullfrogs
  6 earth elementals
  2 scorpions (D:6)
  A yak zombie (Crypt:2)
  11 killer bees (Spider:1)
  8 electric eels (D:11)
  2 howler monkeys
  3 quasits
  13 orc priests
  2 hounds
  2 jellies
  A gnoll bouda (D:5)
  A sleepcap (D:8)
  3 iguanas
  20 orc wizards
  A boggart skeleton (Crypt:3)
  7 mummies (Crypt:3)
  11 gnolls
  5 adders
  A steam dragon skeleton (Crypt:1)
  2 shadow imps
  3 white imps
  An ufetubus (Abyss:3)
  A jelly zombie (Crypt:3)
  An adder skeleton (Crypt:3)
  A worm (D:2)
  3 dart slugs
  99 orcs
  7 endoplasms
  A giant cockroach (D:1)
  6 goblins
  6 hobgoblins
  4 jackals (D:1)
  26 kobolds
  5 quokkas
  8 ball pythons
  4 bats
  2 frilled lizards
  A frilled lizard skeleton (Crypt:1)
  An orc skeleton (Crypt:2)
  20 rats
  6 briar patches (Swamp:1)
  3 bushes
  A butterfly (Lair:4)
  5 starspawn tentacles
2441 creatures vanquished.

Vanquished Creatures (others)
  A dread lich (Zig:11)
  A two-headed ogre (D:9)
  A thrashing horror (Abyss:3)
  A vault sentinel (Vaults:5)
  A hornet (Zig:15)
  A flying skull (Abyss:2)
  A fire elemental (Elf:3)
  A human (D:13)
  A redback (Spider:4)
  A human zombie (Vaults:5)
  An orc wizard (D:11)
  6 bushes (Lair:5)
  19 foxfires
  33 fungi
  234 plants
  55 snaplasher vines
  14 starspawn tentacles
  10 withered plants (D:15)
382 creatures vanquished.

Grand Total: 3221 creatures vanquished

Notes
Turn   | Place    | Note
-------+----------+-------------------------------------------
     0 | D:1      | 112233 the Naga Summoner began the quest for the Orb.
     0 | D:1      | Reached XP level 1. HP: 15/15 MP: 3/3
   337 | D:1      | Reached XP level 2. HP: 22/22 MP: 3/5
   370 | D:1      | Learned a level 2 spell: Call Imp
   723 | D:1      | Reached XP level 3. HP: 28/28 MP: 3/6
  1494 | D:2      | Found Mociripn's Assorted Antiques.
  1598 | D:2      | Reached skill level 3 in Spellcasting
  1610 | D:2      | Learned a level 3 spell: Call Canine Familiar
  1994 | D:2      | Reached XP level 4. HP: 13/36 MP: 2/9
  2166 | D:2      | Identified the +2 dagger of Flawed Execution {heavy, rElec
                  | rPois rN+ Str-2}
  2583 | D:3      | Reached skill level 4 in Spellcasting
  2600 | D:3      | Reached XP level 5. HP: 35/42 MP: 2/11
  3249 | D:3      | Reached skill level 5 in Spellcasting
  3731 | D:4      | Reached XP level 6. HP: 49/49 MP: 10/14
  3932 | D:4      | Learned a level 4 spell: Summon Lightning Spire
  3938 | D:4      | Learned a level 5 spell: Summon Forest
  3952 | D:4      | Reached skill level 6 in Spellcasting
  4125 | D:4      | Found a snail-covered altar of Cheibriados.
  4125 | D:4      | Found a stormy altar of Qazlal.
  4139 | D:4      | Noticed a black bear
  4152 | D:4      | Killed a black bear
  4153 | D:4      | Reached XP level 7. HP: 56/56 MP: 8/16
  4278 | D:4      | Reached skill level 1 in Fighting
  4441 | D:4      | Found a runed translucent door.
  4466 | D:4      | Noticed flt's ghost (novice DgTm)
  4802 | D:4      | Found a runed translucent door.
  4871 | D:5      | Entered Level 5 of the Dungeon
  5336 | D:5      | Reached skill level 5 in Summonings
  5345 | D:5      | Reached XP level 8. HP: 54/68 MP: 1/17
  5542 | D:5      | Reached skill level 1 in Translocations
  5933 | D:5      | Reached skill level 1 in Air Magic
  6712 | D:6      | Found a staircase to the Ecumenical Temple.
  6750 | D:6      | Found Xonucs's Elemental Accessories.
  6773 | Temple   | Entered the Ecumenical Temple
  6773 | Temple   | Found a transporter.
  6773 | Temple   | Found a transporter.
  6775 | Temple   | Found a transporter.
  6775 | Temple   | Found a transporter.
  6791 | Temple   | Became a worshipper of Gozag Ym Sagoz the Greedy
  7042 | D:6      | Reached skill level 7 in Spellcasting
  7377 | D:6      | Noticed a troll
  7393 | D:6      | Reached skill level 5 in Dodging
  7393 | D:6      | Reached skill level 8 in Spellcasting
  7393 | D:6      | Reached XP level 9. HP: 30/88 MP: 1/21
  7396 | D:6      | Reached skill level 10 in Fighting
  7396 | D:6      | Reached XP level 10. HP: 20/103 MP: 1/22
  7925 | D:7      | Noticed Maggie
  7959 | D:7      | Noticed a two-headed ogre
  7971 | D:7      | Killed a two-headed ogre
  7972 | D:7      | Reached XP level 11. HP: 110/110 MP: 13/23
  8045 | D:7      | Identified the +6 plate armour of Conscience {Str+4}
  8274 | D:7      | Noticed a nameless horror
  8304 | D:8      | Identified the +2 robe of the Fortifying Gods {Rampage
                  | Str-3 Dex+7 Archmagi}
  8669 | D:8      | Noticed Joseph
  8676 | D:8      | Killed Joseph
  8813 | D:8      | Identified the +3 leather armour "Xekloonu" {Harm +Inv
                  | rF+++ Str-3}
  8970 | D:8      | Found a broken altar of Ashenzari.
  9898 | D:7      | Reached skill level 9 in Spellcasting
  9995 | D:7      | Killed Maggie
 10260 | D:7      | Killed a nameless horror
 10742 | D:9      | Noticed a centaur warrior
 10746 | D:9      | Killed a centaur warrior
 10748 | D:9      | Killed a two-headed ogre
 10750 | D:9      | Noticed a deep elf zephyrmancer
 10754 | D:9      | Identified a scroll of acquirement
 10754 | D:9      | Acquired 910 gold pieces
 11351 | D:9      | Killed a deep elf zephyrmancer
 11417 | D:9      | Noticed an orc sorcerer
 11421 | D:9      | Killed an orc sorcerer
 11942 | D:9      | Reached XP level 12. HP: 117/117 MP: 13/25
 12718 | D:10     | Entered Level 10 of the Dungeon
 12740 | D:10     | Found a flagged portal.
 12755 | Bailey   | Entered a bailey
 13648 | Bailey   | Reached skill level 10 in Spellcasting
 14291 | D:10     | Noticed Grum
 14302 | D:10     | Killed Grum
 14951 | D:11     | Identified the +3 dagger "Vyliet" {holy, rCorr}
 15153 | D:10     | Found a staircase to the Lair.
 15214 | D:10     | Noticed a two-headed ogre
 15220 | D:10     | Killed a two-headed ogre
 15221 | D:10     | Reached skill level 10 in Summonings
 15461 | D:10     | Noticed Erica
 15475 | D:10     | Killed Erica
 15628 | D:10     | Noticed a two-headed ogre
 15639 | D:10     | Killed a two-headed ogre
 15640 | D:10     | Reached skill level 5 in Translocations
 16016 | D:11     | Noticed Lodul
 16024 | D:11     | Killed Lodul
 16025 | D:11     | Gained mutation: You can use your snake-like lower body to
                  | constrict enemies. [Naga growth]
 16025 | D:11     | Reached XP level 13. HP: 93/124 MP: 11/27
 16224 | D:11     | Noticed Harold
 16389 | D:11     | Killed Harold
 16398 | D:11     | Noticed Fannar
 16419 | D:11     | Killed Fannar
 16906 | D:11     | Found a staircase to the Orcish Mines.
 17115 | D:11     | Reached skill level 10 in Dodging
 17406 | D:11     | You fall into a shaft and drop 2 floors!
 17590 | D:13     | Reached skill level 11 in Spellcasting
 18010 | D:13     | Got the Essays on Grey Attendants
 18027 | D:12     | Noticed Josephine
 18132 | D:13     | Noticed Kirke
 18183 | D:13     | Killed Kirke
 18504 | D:13     | Killed Josephine
 19322 | D:12     | Upgraded the game from 0.30-a0-862-g1aabd4f9c5 to
                  | 0.30-a0-867-g305f33218d
 19398 | D:12     | Noticed a rakshasa
 19404 | D:12     | Killed a rakshasa
 19594 | D:12     | Noticed martbhell's ghost (journeyman MiBe)
 19597 | D:12     | Found a runed translucent door.
 19926 | D:13     | Reached XP level 14. HP: 133/133 MP: 8/29
 20360 | D:14     | Found a gate to the Vaults.
 20654 | D:14     | Reached skill level 12 in Spellcasting
 20933 | D:14     | Found a bloodstained altar of Trog.
 20935 | D:14     | Noticed thfrgi's ghost (journeyman DsCK)
 20940 | D:14     | Found a transporter.
 20962 | D:14     | Found a transporter.
 21085 | D:14     | Noticed Nessos
 21091 | D:14     | Killed Nessos
 21742 | D:15     | Entered Level 15 of the Dungeon
 22118 | D:15     | Found a white marble altar of Elyvilon.
 22813 | D:15     | Found a staircase to the Depths.
 22836 | D:15     | Learned a level 7 spell: Summon Hydra
 23465 | Lair:1   | Entered Level 1 of the Lair of Beasts
 24189 | D:2      | Bought a wand of light (6) for 478 gold pieces
 24189 | D:2      | Bought a potion of heal wounds for 95 gold pieces
 24189 | D:2      | Bought a scroll of identify for 38 gold pieces
 24193 | D:2      | Bought a scroll of identify for 38 gold pieces
 24866 | Lair:2   | Learned a level 2 spell: Blink
 24957 | Lair:2   | Found a hole to the Spider Nest.
 25313 | Lair:2   | Reached skill level 13 in Spellcasting
 26432 | Lair:2   | Reached XP level 15. HP: 140/140 MP: 28/32
 26976 | Lair:3   | Found a staircase to the Swamp.
 27889 | Lair:4   | You fall into a shaft and drop 1 floor!
 27889 | Lair:5   | Entered Level 5 of the Lair of Beasts
 29141 | Lair:5   | Reached skill level 14 in Spellcasting
 29401 | Lair:5   | Found a staircase to the Slime Pits.
 29402 | Lair:5   | Found a viscous altar of Jiyva.
 30011 | Lair:5   | Found a runed translucent door.
 30231 | Lair:5   | Reached XP level 16. HP: 147/147 MP: 25/34
 32427 | Orc:1    | Entered Level 1 of the Orcish Mines
 33735 | Orc:2    | Entered Level 2 of the Orcish Mines
 34002 | Orc:2    | Found Myimilud's Armour Shop.
 34060 | Orc:2    | Reached skill level 15 in Summonings
 34471 | Orc:2    | Found a staircase to the Elven Halls.
 35169 | Orc:2    | Found Uxtemn's Jewellery Boutique.
 35169 | Orc:2    | Found Ogeyf's Weapon Shoppe.
 35437 | Orc:2    | Found Hatoas's Distillery.
 35437 | Orc:2    | Found Etzo's General Store.
 35448 | Orc:2    | Bought a potion of heal wounds for 70 gold pieces
 35448 | Orc:2    | Bought a potion of invisibility for 112 gold pieces
 36170 | D:11     | Bought the brooch of Shielding {Spirit SH+8} for 780 gold
                  | pieces
 36170 | D:11     | Found the brooch of Shielding {Spirit SH+8}
 36179 | D:11     | Bought a scroll of teleportation for 39 gold pieces
 36179 | D:11     | Bought a scroll of fear for 52 gold pieces
 36183 | D:11     | Bought a potion of heal wounds for 70 gold pieces
 36186 | D:11     | Bought a potion of haste for 230 gold pieces
 36312 | Swamp:1  | Entered Level 1 of the Swamp
 37455 | Swamp:1  | Noticed a thorn hunter
 37462 | Swamp:1  | Killed a thorn hunter
 38080 | Swamp:2  | Noticed a thorn hunter
 38092 | Swamp:2  | Killed a thorn hunter
 38093 | Swamp:2  | Reached skill level 15 in Spellcasting
 39523 | Swamp:3  | Noticed Louise
 39536 | Swamp:4  | Entered Level 4 of the Swamp
 39682 | Swamp:4  | Reached XP level 17. HP: 154/154 MP: 25/36
 39852 | Swamp:4  | Found a frozen archway.
 39864 | IceCv    | Entered an ice cave
 40426 | IceCv    | Reached skill level 1 in Shields
 41631 | IceCv    | Found a viscous altar of Jiyva.
 44672 | IceCv    | Got the ring of Xom's Wantonness {rElec rC+ Str+6}
 44675 | IceCv    | Identified the ring of Kozon {rC+ rN+++ EV+5 Int-5 Dex-5}
 44678 | IceCv    | Got Sif Muna's Tome of Frost
 44745 | IceCv    | Glimpsed the power of Zot.
 44939 | Swamp:4  | Reached skill level 16 in Spellcasting
 45599 | Swamp:3  | Killed Louise
 47337 | Swamp:4  | Noticed the 27-headed Lernaean hydra
 47358 | Swamp:4  | Killed the 27-headed Lernaean hydra
 48635 | Swamp:4  | Got a decaying rune of Zot
 49147 | D:11     | Bought a scroll of fog for 80 gold pieces
 49147 | D:11     | Bought a scroll of teleportation for 60 gold pieces
 49147 | D:11     | Bought a scroll of teleportation for 60 gold pieces
 49147 | D:11     | Bought a scroll of identify for 40 gold pieces
 49147 | D:11     | Bought a scroll of fear for 80 gold pieces
 49147 | D:11     | Bought a scroll of amnesia for 80 gold pieces
 49151 | D:11     | Bought a ring of wizardry for 420 gold pieces
 49161 | D:11     | Learned a level 7 spell: Haunt
 49461 | Spider:1 | Entered Level 1 of the Spider Nest
 50193 | Spider:1 | Reached skill level 1 in Necromancy
 50820 | Spider:1 | Noticed Roxanne
 50836 | Spider:1 | Killed Roxanne
 50837 | Spider:1 | Reached XP level 18. HP: 163/163 MP: 10/38
 51008 | Spider:1 | Found a transporter.
 51028 | Spider:1 | Noticed Grim's ghost (adept MiFi)
 51038 | Spider:1 | Found a transporter.
 51048 | Spider:1 | You fall into a shaft and drop 1 floor!
 51744 | Spider:3 | Reached skill level 5 in Shields
 51889 | Spider:3 | Reached skill level 17 in Spellcasting
 52574 | Spider:3 | Identified the +1 shortbow "Rahyeros" {freeze, rF+ SInv}
 53284 | Spider:3 | Identified the +0 leather armour of the Vaults {rCorr
                  | Dex+5}
 54165 | Spider:3 | Reached skill level 15 in Dodging
 54291 | Spider:3 | Noticed Agnes
 54297 | Spider:3 | Killed Agnes
 54950 | Spider:2 | Found a runed translucent gate.
 54950 | Spider:2 | Found a runed translucent gate.
 54952 | Spider:2 | Found a runed translucent gate.
 55812 | Spider:1 | Reached skill level 5 in Necromancy
 57064 | Spider:2 | Noticed Wolaime's ghost (journeyman OpVM)
 57579 | Spider:2 | Reached skill level 18 in Spellcasting
 58852 | Spider:4 | Entered Level 4 of the Spider Nest
 58852 | Spider:4 | Noticed Donald
 59247 | Spider:4 | Reached XP level 19. HP: 169/169 MP: 22/41
 60027 | Spider:4 | Killed Donald
 62186 | Spider:4 | Noticed Mara
 62196 | Spider:4 | Killed Mara
 62909 | Spider:4 | Got a gossamer rune of Zot
 63856 | Vaults:1 | Entered Level 1 of the Vaults
 64173 | Vaults:1 | Found Yrassia's Book Emporium.
 64217 | Vaults:1 | Reached skill level 5 in Stealth
 64799 | Vaults:1 | Identified the +1 trident of Burch {pain, rElec Int+2}
 64826 | Vaults:1 | Found a runed translucent gate.
 64826 | Vaults:1 | Found a runed translucent gate.
 64827 | Vaults:1 | Found a runed translucent gate.
 64827 | Vaults:1 | Found an ancient bone altar of Kikubaaqudgha.
 64827 | Vaults:1 | Noticed a dread lich
 64828 | Vaults:1 | Found Xyol's Antique Armour Emporium.
 64832 | Vaults:1 | Noticed Ler Ylut's ghost (adept HOMo)
 65553 | Vaults:1 | Found Bucrieme's General Store.
 65558 | Vaults:1 | Bought a potion of heal wounds for 90 gold pieces
 65558 | Vaults:1 | Bought a scroll of immolation for 72 gold pieces
 65670 | Vaults:1 | Found Ufefres's Magic Scroll Shoppe.
 65678 | Vaults:1 | Bought 3 scrolls of teleportation for 117 gold pieces
 65678 | Vaults:1 | Bought a scroll of teleportation for 39 gold pieces
 65678 | Vaults:1 | Bought a scroll of blinking for 97 gold pieces
 65678 | Vaults:1 | Bought a scroll of fear for 52 gold pieces
 65678 | Vaults:1 | Bought a scroll of fog for 52 gold pieces
 66407 | Vaults:2 | Noticed a dread lich
 67149 | Vaults:2 | Reached skill level 19 in Spellcasting
 67166 | Vaults:2 | Reached XP level 20. HP: 181/181 MP: 7/43
 69218 | Vaults:2 | Paralysed by a great orb of eyes for 5 turns
 69674 | Vaults:2 | Killed a dread lich
 70318 | Vaults:3 | Found a staircase to the Crypt.
 71464 | Vaults:3 | Reached XP level 21. HP: 192/192 MP: 27/44
 73085 | Vaults:3 | Acquired the +1 hat of the Skies Above {*Corrode Regen+
                  | Int+9 Dex-3}
 73356 | Vaults:4 | Noticed Frederick
 73698 | Vaults:4 | Killed Frederick
 74416 | Vaults:4 | Reached skill level 20 in Spellcasting
 74929 | Vaults:4 | Found Judghyoschi's Armour Emporium.
 75966 | Elf:1    | Entered Level 1 of the Elven Halls
 76596 | Elf:1    | Found Pyhuif's Jewellery Emporium.
 76597 | Elf:1    | Found Noqeuma's Book Shop.
 76597 | Elf:1    | Found Fuykk's Book Shop.
 76609 | Elf:1    | Bought a manual of Necromancy for 880 gold pieces
 76609 | Elf:1    | Bought a book of Ice for 506 gold pieces
 77548 | Elf:1    | Found a runed translucent gate.
 77909 | Elf:1    | Found a runed translucent gate.
 77911 | Elf:1    | Found a runed translucent gate.
 77974 | Elf:1    | Identified the +5 falchion of Welfare {antimagic, Drain
                  | rCorr Stlth+}
 78047 | Abyss:2  | Cast into level 2 of the Abyss (+3 long sword of
                  | distortion)
 78106 | Abyss:2  | Found a corrupted altar of Lugonu.
 78121 | Abyss:2  | Reached XP level 22. HP: 203/206 MP: 32/46
 78138 | Abyss:2  | Found a corrupted altar of Lugonu.
 78221 | Abyss:2  | Found a corrupted altar of Lugonu.
 78221 | Abyss:2  | Found a corrupted altar of Lugonu.
 78224 | Abyss:2  | Found a huge runed gate.
 78224 | Abyss:2  | Found a huge runed gate.
 78257 | Abyss:2  | Found a huge runed gate.
 78355 | Abyss:2  | Found a huge runed gate.
 78355 | Abyss:2  | Found a huge runed gate.
 78357 | Abyss:2  | Found a huge runed gate.
 78357 | Abyss:2  | Found a huge runed gate.
 78365 | Abyss:2  | Found a huge runed gate.
 78365 | Abyss:2  | Found a huge runed gate.
 78365 | Abyss:2  | Found a huge runed gate.
 78409 | Abyss:2  | Found a huge runed gate.
 78410 | Abyss:2  | Found a huge runed gate.
 79048 | Abyss:2  | Reached skill level 1 in Evocations
 79228 | Abyss:2  | Gained mutation: You do not regenerate when monsters are
                  | visible. [a neqoxec]
 79234 | Abyss:2  | Gained mutation: You sometimes lose your temper in combat.
                  | [a neqoxec]
 79240 | Abyss:2  | Gained mutation: Your magical capacity is low. (-10% MP) [a
                  | neqoxec]
 79241 | Abyss:2  | Gained mutation: You occasionally shout uncontrollably at
                  | your foes. [a neqoxec]
 79281 | Elf:1    | Escaped the Abyss
 79534 | Elf:1    | Lost mutation: Your magical capacity is low. (-10% MP)
                  | [potion of mutation]
 79534 | Elf:1    | Lost mutation: You occasionally shout uncontrollably at
                  | your foes. [potion of mutation]
 79534 | Elf:1    | Lost mutation: You sometimes lose your temper in combat.
                  | [potion of mutation]
 79534 | Elf:1    | Gained mutation: Your flesh is heat resistant. (rF+)
                  | [potion of mutation]
 79534 | Elf:1    | Gained mutation: You have a pair of small antennae on your
                  | head. [potion of mutation]
 80113 | Elf:2    | Found a runed translucent gate.
 80115 | Elf:2    | Found a runed translucent gate.
 80115 | Elf:2    | Found a runed translucent gate.
 81423 | Elf:3    | Entered Level 3 of the Elven Halls
 82316 | Elf:3    | Got Lied's Precepts of the Undead
 82561 | Elf:3    | Paralysed by an air elemental for 1 turns
 82890 | Elf:3    | Identified the amulet "Tippysmer" {Faith *Slow rElec Int+8
                  | Stlth+}
 83020 | Elf:3    | Identified the +1 plate armour of Sloth {Will+}
 83841 | Elf:3    | Identified the +5 halberd "Hoseheynn" {venom, rPois rCorr
                  | Str-2 Int+6}
 83850 | Elf:3    | Identified the +1 scale mail of Gluttony {+Blink rElec
                  | Str+7 Int-3}
 84281 | Elf:3    | Identified the +2 scale mail "Put-Me-On" {rPois rF- rCorr
                  | Int+3}
 85256 | Elf:3    | Identified the +6 shortbow "Newtslayer" {drain, Stlth+}
 85303 | Elf:3    | Identified the +1 short sword of Balance {venom, *Noise
                  | rElec rF+ Int+3}
 85703 | Spider:1 | Killed Grim's ghost
 85730 | Spider:1 | Identified the +0 pair of gloves of Chimes {rElec Int+2}
 85749 | Spider:1 | Identified the +8 scimitar of Scuffed Integrity {speed,
                  | rElec rF+ Int+2 Stlth-}
 85989 | Depths:1 | Entered Level 1 of the Depths
 85992 | Depths:1 | Bought a pair of ancient gloves for 237 gold pieces
 85992 | Depths:1 | Identified the +1 pair of gloves of Subjectivity {Stlth+}
                  | (You bought it in a shop on level 1 of the Depths)
 86015 | Depths:1 | Reached skill level 15 in Fighting
 86031 | Depths:1 | Reached skill level 5 in Evocations
 86514 | Vaults:5 | Entered Level 5 of the Vaults
 86561 | Vaults:4 | Reached XP level 23. HP: 124/217 MP: 6/47
 87431 | Vaults:4 | Reached skill level 21 in Spellcasting
 88100 | Vaults:1 | Killed Ler Ylut's ghost
 88540 | Vaults:1 | Identified the ring of Generosity {rPois rF++ rC+ Will+
                  | rCorr}
 88560 | Vaults:1 | Got Kikubaaqudgha's Volume of Evil
 88570 | Vaults:1 | Identified the +1 pair of boots of Ullaog {*Slow rCorr
                  | Int+4 SInv}
 88586 | Vaults:1 | Killed a dread lich
 90363 | Vaults:5 | Identified the +1 arbalest of Peace {antimagic, Dex+3}
 92531 | D:15     | Learned a level 6 spell: Statue Form
 92664 | Vaults:4 | Bought a manual of Earth Magic for 960 gold pieces
 93150 | Vaults:4 | Reached skill level 1 in Earth Magic
 93962 | Depths:1 | Noticed Bai Suzhen
 93983 | Depths:1 | Killed Bai Suzhen
 94212 | Depths:1 | Noticed Nikola
 94220 | Depths:1 | Killed Nikola
 94950 | Depths:1 | You fall into a shaft and drop 1 floor!
 95003 | Depths:2 | Found a one-way gate leading to the halls of Pandemonium.
 95009 | Depths:2 | Reached XP level 24. HP: 212/234 MP: 0/48
 95174 | Depths:2 | Reached skill level 5 in Earth Magic
 96078 | Depths:2 | Found a gateway to Hell.
 96275 | Depths:2 | Found a one-way gate to the infinite horrors of the Abyss.
 98099 | Depths:2 | Found a huge runed gate.
 98099 | Depths:2 | Found a huge runed gate.
 98099 | Depths:2 | Found a huge runed gate.
 98099 | Depths:2 | Found a huge runed gate.
 98099 | Depths:2 | Found a huge runed gate.
 98099 | Depths:2 | Found a huge runed gate.
 98099 | Depths:2 | Found a huge runed gate.
 98099 | Depths:2 | Found a huge runed gate.
 98099 | Depths:2 | Found a huge runed gate.
 98099 | Depths:2 | Found a huge runed gate.
 98910 | Depths:2 | Found a huge runed gate.
 98910 | Depths:2 | Found a huge runed gate.
 98910 | Depths:2 | Found a huge runed gate.
 98911 | Depths:2 | Found a huge runed gate.
 98911 | Depths:2 | Found a huge runed gate.
 98912 | Depths:2 | Found a huge runed gate.
 98914 | Depths:2 | Found a huge runed gate.
 98914 | Depths:2 | Found a huge runed gate.
 98914 | Depths:2 | Found a huge runed gate.
 98921 | Depths:2 | Found a huge runed gate.
 98921 | Depths:2 | Found a huge runed gate.
 98921 | Depths:2 | Found a huge runed gate.
 98921 | Depths:2 | Found a huge runed gate.
 98921 | Depths:2 | Found a huge runed gate.
 98921 | Depths:2 | Found a huge runed gate.
 98922 | Depths:2 | Found a huge runed gate.
 98923 | Depths:2 | Found a huge runed gate.
 98924 | Depths:2 | Found a huge runed gate.
 98932 | Depths:2 | Found a huge runed gate.
 98932 | Depths:2 | Found a huge runed gate.
 98932 | Depths:2 | Found a huge runed gate.
 98932 | Depths:2 | Found a huge runed gate.
 98932 | Depths:2 | Found a huge runed gate.
 98932 | Depths:2 | Found a huge runed gate.
 98933 | Depths:2 | Found a huge runed gate.
 98934 | Depths:2 | Found a huge runed gate.
 99447 | Depths:2 | Reached skill level 10 in Shields
 99916 | Depths:2 | Identified the +0 ring mail of the Pink Corner {Dex+3}
100263 | Depths:3 | Identified the ring of the Moon {rF+ Str-4 Int+3 Dex+2
                  | Slay+2}
101338 | Depths:3 | Found an opulent altar of Gozag.
101392 | Depths:3 | Noticed a caustic shrike
102380 | Depths:1 | Bought a warped robe for 142 gold pieces
102380 | Depths:1 | Identified the +2 robe of Ibbiot {+Inv rC- rCorr} (You
                  | bought it in a shop on level 1 of the Depths)
102384 | Depths:1 | Bought a potion of heal wounds for 210 gold pieces
103709 | Depths:4 | Entered Level 4 of the Depths
103830 | Depths:4 | Reached skill level 22 in Spellcasting
103898 | Depths:4 | Reached XP level 25. HP: 229/230 MP: 11/49
104501 | Depths:4 | Reached skill level 10 in Necromancy
104740 | Depths:4 | Found a one-way gateway to a ziggurat.
104758 | Depths:4 | Found a gate to the Realm of Zot.
104788 | Depths:4 | Found Qerhef's Distillery.
104972 | Depths:4 | Bought a potion of mutation for 160 gold pieces
104972 | Depths:4 | Bought a potion of curing for 60 gold pieces
104972 | Depths:4 | Bought a potion of curing for 60 gold pieces
104972 | Depths:4 | Bought a potion of haste for 200 gold pieces
104972 | Depths:4 | Bought a potion of curing for 60 gold pieces
104972 | Depths:4 | Bought a potion of brilliance for 80 gold pieces
105301 | Depths:4 | Noticed Xtahua
105310 | Depths:4 | Killed Xtahua
106317 | Vaults:5 | Identified the +6 dagger "Goblinbane" {flame, MP+9}
106439 | Vaults:5 | Identified the ring "Woase" {Fly Will- MP+9 Dex+5}
106441 | Vaults:5 | Got a silver rune of Zot
106716 | Vaults:5 | Identified the +1 swamp dragon scales of Discretion {rPois
                  | rN+ Str+3}
106717 | Vaults:5 | Identified the +1 robe "Miuwu" {Will- rCorr Str+5 SInv}
106719 | Vaults:5 | Got Witchery in Simple Steps
106989 | Vaults:5 | Learned a level 7 spell: Monstrous Menagerie
106998 | Vaults:5 | Learned a level 8 spell: Borgnjor's Revivification
107608 | Vaults:5 | Identified the ring "Nalif" {rN+ MP+9 Int+3}
107610 | Vaults:5 | Found Xean's Armour Boutique.
108366 | Zot:1    | Entered Level 1 of the Realm of Zot
108369 | Zot:1    | Noticed a dread lich
108629 | Depths:4 | Upgraded the game from 0.30-a0-867-g305f33218d to
                  | 0.30-a0-870-gc5d4c5acee
108693 | Depths:4 | Learned a level 2 spell: Sublimation of Blood
108702 | Depths:4 | Learned a level 8 spell: Infestation
108721 | Depths:4 | Killed a dread lich
109188 | Zot:1    | Found the +4 dragonskin cloak
109188 | Zot:1    | Noticed Tiamat
109192 | Zot:1    | Noticed Parghit
109629 | Zot:1    | Killed Parghit
112195 | Slime:1  | Entered Level 1 of the Pits of Slime
112375 | Slime:2  | Noticed Dissolution
112388 | Slime:2  | Killed Dissolution
112389 | Slime:2  | Reached XP level 26. HP: 189/261 MP: 2/49
112604 | Slime:2  | Gained mutation: You are frail. (-10% HP) [a shining eye]
113445 | Slime:5  | Entered Level 5 of the Pits of Slime
113972 | Slime:5  | Found a viscous altar of Jiyva.
113987 | Slime:5  | Noticed the Royal Jelly
115016 | Zot:1    | Killed Tiamat
115348 | Hell     | Entered the Vestibule of Hell
115348 | Hell     | Noticed Geryon
115360 | Hell     | Killed Geryon
115597 | Hell     | Noticed Murray
115627 | Depths:2 | Killed Murray
117160 | Crypt:1  | Entered Level 1 of the Crypt
119595 | Crypt:2  | Reached skill level 23 in Spellcasting
119838 | Crypt:2  | Got the Elucidation of the Flock
119889 | Crypt:2  | Reached skill level 15 in Necromancy
120062 | Crypt:3  | Entered Level 3 of the Crypt
120322 | Crypt:3  | Learned a level 1 spell: Apportation
120947 | Crypt:3  | Reached XP level 27. HP: 241/241 MP: 23/50
121105 | Crypt:3  | Reached skill level 1 in Transmutations
121394 | Depths:1 | Bought the amulet of the King {RegenMP rN+} for 906 gold
                  | pieces
121874 | Crypt:3  | Noticed an ancient lich
121879 | Crypt:3  | Killed an ancient lich
122590 | Crypt:3  | Got Kikubaaqudgha's Folio of the Cemetery
122607 | Crypt:3  | Noticed a royal mummy
122631 | Crypt:3  | Killed a royal mummy
123005 | Crypt:3  | Identified the +10 quarterstaff "Ynyq" {speed, rElec rC++}
123276 | Crypt:3  | Found a staircase to the Tomb.
123431 | Crypt:3  | Identified the +1 plate armour of Cuoteker {-Tele rPois
                  | Int+3}
123712 | Depths:2 | Learned a level 5 spell: Borgnjor's Vile Clutch
123713 | Depths:2 | Voluntarily entered the Abyss.
123734 | Abyss:2  | Gained mutation: You occasionally lose the ability to read
                  | scrolls when taking damage. [a cacodemon]
123740 | Abyss:2  | Lost mutation: Your flesh is heat resistant. (rF+) [potion
                  | of mutation]
123740 | Abyss:2  | Lost mutation: You have a pair of small antennae on your
                  | head. [potion of mutation]
123740 | Abyss:2  | Lost mutation: You occasionally lose the ability to read
                  | scrolls when taking damage. [potion of mutation]
123740 | Abyss:2  | Lost mutation: You are frail. (-10% HP) [potion of
                  | mutation]
123740 | Abyss:2  | Gained mutation: You are partially covered in iridescent
                  | scales. (AC +2) [potion of mutation]
123740 | Abyss:2  | Gained mutation: You have a beak for a mouth. [potion of
                  | mutation]
124228 | Abyss:3  | Found a corrupted altar of Lugonu.
124536 | Depths:2 | Escaped the Abyss
124786 | Depths:2 | Voluntarily entered the Abyss.
124864 | Abyss:3  | Noticed an ancient lich
124872 | Abyss:3  | Killed an ancient lich
124875 | Abyss:3  | Reached skill level 10 in Earth Magic
125104 | Abyss:4  | Paralysed by accursed screaming for 1 turns
125261 | Abyss:4  | Gained mutation: You are agile. (Dex +4, Str/Int -1) [a
                  | neqoxec]
125266 | Abyss:4  | Gained mutation: You are occasionally teleported next to
                  | monsters. [a neqoxec]
125321 | Depths:2 | Escaped the Abyss
125488 | Depths:2 | Bought the +5 Storm Queen's Shield {shock, Fly rElec} for
                  | 775 gold pieces
125488 | Depths:2 | Found the +5 Storm Queen's Shield {shock, Fly rElec}
125606 | Depths:4 | Learned a level 9 spell: Death's Door
125610 | Depths:4 | Learned a level 3 spell: Ignite Poison
125615 | Depths:4 | Learned a level 4 spell: Olgreb's Toxic Radiance
125618 | Zig:1    | Entered Level 1 of a ziggurat
125653 | Zig:2    | Entered Level 2 of a ziggurat
125659 | Zig:2    | Reached skill level 1 in Poison Magic
125681 | Zig:2    | Identified the +3 whip "Zopobb" {venom, rC+ Will++}
125688 | Zig:3    | Entered Level 3 of a ziggurat
125748 | Zig:4    | Entered Level 4 of a ziggurat
126051 | Zig:4    | Learned a level 8 spell: Necromutation
126052 | Zig:5    | Entered Level 5 of a ziggurat
126149 | Zig:6    | Entered Level 6 of a ziggurat
126152 | Zig:6    | Noticed Cyixt the pandemonium lord
126159 | Zig:6    | Killed Cyixt the pandemonium lord
126339 | Zig:6    | Reached skill level 15 in Shields
126339 | Zig:6    | Reached skill level 10 in Evocations
126358 | Zig:7    | Entered Level 7 of a ziggurat
126367 | Zig:7    | Reached skill level 5 in Poison Magic
126549 | Zig:8    | Entered Level 8 of a ziggurat
126773 | Zig:8    | Identified the ring of the Moon {rElec rF+ rC- MP+9 Str+4}
126779 | Zig:8    | Got the Anthology of Called Soot
126785 | Zig:8    | Identified the amulet of Gestoter {Faith Dex+4}
126813 | Zig:9    | Entered Level 9 of a ziggurat
126940 | Zig:9    | Identified the +1 sling of the Thieving Viper {drain, rC+
                  | rN+ Str-4 Dex+3}
126946 | Zig:9    | Identified the ring of Nyaxzit {MP+9 Str+6 SInv}
126957 | Zig:10   | Entered Level 10 of a ziggurat
126965 | Zig:10   | Noticed an ancient lich
126969 | Zig:10   | Noticed a dread lich
126991 | Zig:10   | Paralysed by a dread lich for 2 turns
127001 | Zig:10   | Killed a dread lich
127006 | Zig:10   | Killed an ancient lich
127157 | Zig:10   | Identified the +9 hand axe of Terror {freeze, rPois rF+}
127198 | Zig:11   | Entered Level 11 of a ziggurat
127203 | Zig:11   | Noticed a dread lich
127203 | Zig:11   | Noticed an ancient lich
127232 | Zig:11   | Killed an ancient lich
127252 | Zig:11   | Reached skill level 24 in Spellcasting
127258 | Zig:11   | Killed a dread lich
127706 | Zig:11   | Identified the +1 robe of Weculyer {Str+3}
127727 | Zig:11   | Identified the ring of Beogh's Inspiration {rC++ AC+4}
127744 | Zig:12   | Entered Level 12 of a ziggurat
127757 | Zig:12   | Noticed a dread lich
127769 | Zig:12   | Killed a dread lich
127943 | Zig:12   | Got the Compendium of the Geological Sphinx
127963 | Zig:12   | Identified the +1 robe of the Accordion {+Inv rElec Dex-2
                  | Stlth+}
127971 | Zig:13   | Entered Level 13 of a ziggurat
128158 | Zig:13   | Identified the +3 morningstar of Yren {speed, *Slow rCorr
                  | Stlth+}
128161 | Zig:13   | Identified the +1 ring mail of Devotion {rN+ Str+6 Int-4}
128232 | Zig:14   | Entered Level 14 of a ziggurat
128256 | Zig:14   | Reached skill level 1 in Staves
128273 | Zig:14   | Found the +7 great mace "Firestarter" {flame, inner flame,
                  | rFlCloud rF++}
128410 | Zig:14   | Got the Enchiridion on Despair and Frostbite
128414 | Zig:14   | Identified the +7 scimitar of the Secret Beds {heavy, Drain
                  | Fly rElec Dex+3}
128424 | Zig:14   | Identified the +2 halberd of Kismet {heavy, rCorr Str+5
                  | Dex-2}
128427 | Zig:14   | Identified the +2 robe "Odiqepp" {*Corrode Fly rC++
                  | Archmagi}
128449 | Zig:14   | Learned a level 9 spell: Death's Door
128511 | Zig:15   | Entered Level 15 of a ziggurat
128647 | Zig:15   | Identified the +6 halberd of Context {antimagic, rC+}
128653 | Zig:15   | Got the Folio of the Cankerous Gestalt
128661 | Zig:15   | Identified the +5 morningstar "Cish" {venom, Will- rCorr
                  | Str-2 Int+8}
128662 | Zig:15   | Identified the ring "Tivoran" {rF+ MP+9 Dex+4}
128691 | Zig:16   | Entered Level 16 of a ziggurat
128711 | Zig:16   | Noticed a juggernaut
128716 | Zig:16   | Killed a juggernaut
128723 | Zig:16   | Found the +4 moon troll leather armour {Spirit, Regen++
                  | MP+5}
128844 | Zig:16   | Identified the +3 scale mail "Saikugg" {rN+}
128859 | Zig:16   | Identified the +5 ring mail of Optimism {rElec}
128932 | Zig:16   | Lost mutation: You do not regenerate when monsters are
                  | visible. [potion of mutation]
128932 | Zig:16   | Lost mutation: You are occasionally teleported next to
                  | monsters. [potion of mutation]
128932 | Zig:16   | Lost mutation: You are partially covered in iridescent
                  | scales. (AC +2) [potion of mutation]
128932 | Zig:16   | Gained mutation: Your mind is acute. (Int +4, Str/Dex -1)
                  | [potion of mutation]
128932 | Zig:16   | Gained mutation: You possess an exceptional clarity of
                  | mind. [potion of mutation]
128932 | Zig:16   | Lost mutation: You possess an exceptional clarity of mind.
                  | [potion of mutation]
128932 | Zig:16   | Gained mutation: You passively map a small area around you.
                  | [potion of mutation]
128936 | Zig:17   | Entered Level 17 of a ziggurat
128958 | Zig:17   | HP: 13/276 [daeva/divine providence (15)]
128958 | Zig:17   | Killed from afar by a daeva

Illustrated notes

Levels and vault maps discovered:
D:1:      dpeg_arrival_pits, layout_loops_ring, serial_forest,
          infiniplex_forest_zigzag_2, infiniplex_forest_lined_2,
          infiniplex_forest_lined_room_2, infiniplex_forest_clump_cross,
          infiniplex_forest_end_2, kennysheep_doodads, grunt_decor_clamped
D:2:      layout_loops_cross, serial_shops, shop, minmay_rat_hole
D:3:      layout_loops_ring, minmay_misc_feat_cross
D:4:      layout_gridville, gammafunk_temple_overflow_statue,
          ebering_ghost_sewer_f, kennysheep_another_room
D:5:      layout_basic
D:6:      layout_gridville, minmay_temple_entry_mist, nicolae_elemental_shop
D:7:      layout_cave_pods, grunt_ministairs_11, uniq_maggie
D:8:      layout_loops_cross, nicolae_ashenzari_skybound, uniq_joseph
D:9:      layout_gridville, abandoned_shop, minmay_the_grid_2x2
          [minmay_the_grid_tri_star, minmay_the_grid_square_x,
          minmay_the_grid_paths, minmay_the_grid_prize_inner_circle]
D:10:     layout_long_grid, minmay_lair_entry_grove, enter_bailey_3,
          dreamdust_princess_bridge, minivault_27, uniq_erica, uniq_grum
D:11:     layout_basic, erik_orc_3, uniq_fannar, uniq_lodul, uniq_harold
D:12:     minmay_chambers_of_sixes, layout_cross,
          hellmonk_ghost_happy_afterlife, uniq_josephine
D:13:     layout_roguey, uniq_kirke
D:14:     nicolae_cairo_tiling_very_big, layout_loops_ring,
          gammafunk_ghost_wrathful_warriors, kennysheep_decorative_pillar,
          uniq_nessos
D:15:     gammafunk_depths_entry_grave, layout_stronghold, lemuel_doored_altar
Temple:   hellmonk_temple_divided_pantheon
Lair:1:   layout_hall_layers, infiniplex_staircase_pool_2, grunt_megastairs_1
Lair:2:   layout_loops_ring, spider_nest_entry_webs
Lair:3:   layout_long_grid, palyth_hydra_swamp_entry
Lair:4:   layout_cave_pods, lemuel_fruit_fields
Lair:5:   wormcave, layout_big_grid, hangedman_lair_tendril_chambers,
          slime_entry_1, serial_forest, infiniplex_forest_lined_corner,
          infiniplex_forest_clump_double, infiniplex_forest_clump_large,
          infiniplex_forest_lined_2, infiniplex_forest_lined_3,
          infiniplex_forest_end_2, infiniplex_forest_clump_tiny,
          infiniplex_forest_join, chequers_serial_rivers_room_b,
          eino_small_chamber_without_monster
Swamp:1:  layout_basic_swamp, nicolae_swamp_some_circles, swamp_pool3,
          nicolae_swamp_orc_logging_accident, infiniplex_staircase_pool
Swamp:2:  layout_falls_marsh, evilmike_swamp_ruin_wall, swamp_pool1
Swamp:3:  layout_basic_swamp, serial_swamp_ruin, evilmike_swamp_ruin_rubble_1,
          evilmike_swamp_ruin_house_5, evilmike_swamp_ruin_rubble_2, uniq_louise
Swamp:4:  swamp_old_school, layout_basic_swamp,
          portal_ice_cave_entry_pillars_three
Spider:1: layout_spider_delve, special_room [special_room_bee],
          gammafunk_ghost_berserking_beasts, nicolae_spider_undead_wolf_pack,
          uniq_roxanne
Spider:2: layout_spider_delve, gammafunk_ghost_necromancy,
          nicolae_spider_baby_got_redback
Spider:3: layout_cave_pods, guppyfry_spider_mini_2,
          hangedman_spider_tarantella_strand, uniq_agnes
Spider:4: hellmonk_spider_rune_endless_swarm, guppyfry_spider_mini_1, uniq_mara,
          uniq_donald
Slime:1:  layout_caves
Slime:2:  layout_caves, dissolution_awaits
Slime:3:  layout_caves
Slime:4:  layout_caves
Slime:5
Orc:1:    layout_caves, basic_altar
Orc:2:    st_orc_town, layout_diamond_mine, serial_shops, nicolae_shop_crystal
Elf:1:    eino_elf_arrival_the_gate, layout_loops_corners,
          ploomutoo_gammafunk_ghost_potion_laboratory, hangedman_elf_disciples,
          nicolae_elf_loose_elemental_storage, minmay_shop_grove
Elf:2:    nicolae_elf_blades_crystal_corner, layout_onion_city,
          hangedman_elven_pyramids
Elf:3:    grunt_elf_hall_asides, layout_geoelf_octagon, dk_noncrumbling_4,
          minmay_elf_necromancy
Vaults:1: gammafunk_ghost_crypt, grunt_vaults_hallway_short, v_misc_5,
          v_misc_13, vaults_room_stairs_pillars, dpeg_vaults_monster_box,
          nicolae_vaults_ring_of_whatevers, vaults_room_hallway,
          layout_vaults_quadrants, serial_shops, shop_statue, shop, shop,
          shop_statue
Vaults:2: vaults_dpeg_diagonal, vaults_room_door_hall,
          ontoclasm_vaults_misaligned, grunt_vaults_hallway_long,
          nicolae_vaults_little_ls, dpeg_vaults_monster_row,
          hangedman_vaults_hat, hangedman_vaults_river_flow,
          hangedman_vaults_trim, nicolae_vaults_windows_and_doors_thing,
          st_more_cells, v_misc_14, layout_vaults_ring
Vaults:3: v_pattern_4, nicolae_vaults_little_squares_6, v_misc_2,
          vaults_room_glass_cross, grunt_vaults_hallway_short,
          ontoclasm_vaults_decontamination, vaults_dpeg_ring,
          nicolae_vaults_asterisk, ontoclasm_vaults_claustrophobia, v_rooms_6,
          ontoclasm_vaults_chip, layout_vaults_omnibox, dummy_crypt_entry
Vaults:4: nicolae_vaults_specimen_jars, v_misc_18,
          vaults_standard_mumra_enter_the_diamond, nicolae_vaults_asterisk,
          v_misc_16, v_misc_9, v_misc_32, st_squares,
          ontoclasm_vaults_ring_square, nicolae_vaults_shelves_hall,
          hangedman_vaults_stagger, layout_vaults_maze_snakey, serial_shops,
          nicolae_shop_crystal, uniq_frederick
Vaults:5
Crypt:1:  layout_gridlike
Crypt:2:  layout_rooms
Crypt:3:  due_elkab, layout_chaotic_city, uniq_margery
Depths:1: layout_gridlike, grunt_hell_entry_dis_mu, kennysheep_generic_room_16,
          grunt_megastairs_4, uniq_nikola, uniq_bai_suzhen
Depths:2: hourglass_vault, layout_cave_pools, pan_entry, grunt_metal_band,
          abyss_entry, not_door_vault_due
Depths:3: kennysheep_windowed_halls, layout_gridlike, abyss_entry,
          grunt_gozag_breadcrumbs, hangedman_coc_ice_floe,
          infiniplex_staircase_diamond
Depths:4: grunt_zot_entry_alcove, layout_cave_pools, enter_ziggurat_b,
          serial_shops, shop_fountains, pf_hell_entry_tar_river,
          columned_hall_lemuel, rand_demon_pan_entry_3,
          chequers_serial_rivers_room_a, uniq_xtahua
Hell
Zot:1:    hangedman_snap_crack_crunch, layout_cathedral_of_symmetry,
          zot_minivault_8, uniq_parghit, uniq_tiamat
Zig:17

Skill      XL: |  1  2  3  4  5  6  7  8  9 10 11 12 13 14 15 16 17 18 19 20 21 22 23 24 25 26 27 |
---------------+----------------------------------------------------------------------------------+-----
Spellcasting   | 3 4 5 6 8 9 10 11 13 14 15 16 18 19 20 21 22 23 24 | 24.8
Dodging        | 2 5 7 8 9 10 12 13 14 15 16 17 18 19 20 21 | 21.5
Fighting       | 2 8 10 11 12 14 15 17 18 20 21 | 21.5
Summonings     | 5 7 8 9 10 11 13 14 15 16 17 18 19 | 19.4
Translocations | 1 2 5 |  5.0
Air Magic      | 2 3 4 |  4.8
Shields        | 4 5 8 11 12 14 15 | 15.0
Necromancy     | 1 5 6 8 9 12 15 19 | 19.1
Stealth        | 7 9 |  9.3
Evocations     | 5 7 9 10 | 10.3
Earth Magic    | 4 9 11 | 11.4
Transmutations | 1 |  1.9
Poison Magic   | 6 |  6.3
Staves         | 4 |  4.8
Armour         | |  0.2

Action                     |  1- 3 |  4- 6 |  7- 9 | 10-12 | 13-15 | 16-18 | 19-21 | 22-24 | 25-27 || total
---------------------------+-------+-------+-------+-------+-------+-------+-------+-------+-------++-------
  Melee: Unarmed           |     5 |       |       |       |       |       |       |       |       ||     5
         Dagger            |       |    22 |    14 |    50 |   172 |   165 |   234 |    89 |       ||   746
         Punch             |       |     1 |       |     2 |     3 |     3 |       |       |       ||     9
         Constrict         |       |       |       |       |    41 |    49 |    68 |    84 |    94 ||   336
         Scimitar          |       |       |       |       |       |       |       |   293 |   466 ||   759
         Peck              |       |       |       |       |       |       |       |       |    82 ||    82
         Staff             |       |       |       |       |       |       |       |       |    49 ||    49
   Cast: Summon Small Mamm |    35 |    22 |    13 |       |     1 |     3 |       |     5 |       ||    79
         Call Imp          |    16 |    23 |    27 |     5 |     8 |     8 |       |     1 |       ||    88
         Call Canine Famil |     1 |    15 |    41 |    70 |   104 |    57 |     1 |     1 |     1 ||   291
         Summon Lightning  |       |       |     1 |    72 |   107 |    54 |     7 |    17 |     7 ||   265
         Summon Forest     |       |       |       |    23 |    54 |    83 |    61 |    34 |    49 ||   304
         Summon Hydra      |       |       |       |       |    25 |   378 |   387 |   474 |   467 ||  1731
         Blink             |       |       |       |       |     1 |     6 |     3 |     4 |    17 ||    31
         Haunt             |       |       |       |       |       |       |    10 |    53 |   139 ||   202
         Statue Form       |       |       |       |       |       |       |       |     5 |    47 ||    52
         Monstrous Menager |       |       |       |       |       |       |       |       |    14 ||    14
         Sublimation of Bl |       |       |       |       |       |       |       |       |    15 ||    15
         Infestation       |       |       |       |       |       |       |       |       |    20 ||    20
         Apportation       |       |       |       |       |       |       |       |       |    32 ||    32
         Borgnjor's Vile C |       |       |       |       |       |       |       |       |    26 ||    26
         Ignite Poison     |       |       |       |       |       |       |       |       |    22 ||    22
         Olgreb's Toxic Ra |       |       |       |       |       |       |       |       |    19 ||    19
         Borgnjor's Revivi |       |       |       |       |       |       |       |       |     3 ||     3
         Necromutation     |       |       |       |       |       |       |       |       |     1 ||     1
 Invoke: Potion Petition   |       |       |       |     1 |     5 |     5 |     2 |     9 |    10 ||    32
         Call Merchant     |       |       |       |       |       |     6 |       |     4 |     1 ||    11
Ability: Spit Poison       |     4 |     2 |     4 |       |       |     2 |     1 |     2 |       ||    15
  Evoke: Wand              |       |       |       |       |     9 |    12 |     5 |    24 |    17 ||    67
         Box of beasts     |       |       |       |       |       |     4 |     1 |     6 |     8 ||    19
         Condenser vane    |       |       |       |       |       |       |       |     7 |    11 ||    18
         Tin of tremorston |       |       |       |       |       |       |       |     4 |     6 ||    10
         Lightning rod     |       |       |       |       |       |       |       |     9 |     7 ||    16
         Phial of floods   |       |       |       |       |       |       |       |     1 |     1 ||     2
         Phantom mirror    |       |       |       |       |       |       |       |       |     7 ||     7
    Use: Potion            |       |     3 |     5 |     3 |     1 |     4 |     1 |    15 |    16 ||    48
         Scroll            |       |       |       |    10 |    10 |    12 |     8 |    14 |    27 ||    81
   Stab: Distracted        |       |       |     1 |     3 |    13 |    12 |    12 |    16 |    30 ||    87
         Sleeping          |       |       |       |       |     2 |       |       |       |       ||     2
         Invisible         |       |       |       |       |     1 |       |       |     2 |       ||     3
         Paralysed         |       |       |       |       |       |       |     7 |     6 |       ||    13
         Confused          |       |       |       |       |       |       |       |     1 |       ||     1
 Armour: Robe              |     9 |     6 |    14 |    28 |    68 |   149 |   140 |   272 |   283 ||   969
         Skin              |       |       |    10 |     4 |    14 |       |       |    39 |   382 ||   449
  Dodge: Dodged            |    32 |    29 |    45 |   151 |   321 |   642 |   483 |   752 |   824 ||  3279
  Block: Other             |       |       |       |       |       |   222 |    50 |       |       ||   272
         Buckler           |       |       |       |       |       |       |   357 |   782 |   691 ||  1830
         Kite shield       |       |       |       |       |       |       |       |       |   633 ||   633

Table legend: (Time is in decaauts)
 A = Elapsed time spent in this place.
 B = Non-inter-level travel time spent in this place.
 C = Inter-level travel time spent in this place.
 D = Time resting spent in this place.
 E = Time spent auto-exploring this place.
 F = Levels seen in this place.
 G = Mean time per level.
                   A        B        C        D        E       F      G
               +--------+--------+--------+--------+--------+-----+--------+
         Total | 147282 | 135873 |  11409 |  39830 |  73893 |  77 | 1912.8 |
       Dungeon |  30514 |  26710 |   3804 |   5491 |  17220 |  15 | 2034.3 |
        Temple |     42 |     25 |     17 |      0 |      7 |   1 |   42.0 |
          Lair |  11570 |  10332 |   1238 |   1794 |   7208 |   5 | 2314.0 |
         Swamp |   8268 |   7964 |    304 |   1978 |   4987 |   4 | 2067.0 |
   Spider Nest |  15042 |  14652 |    390 |   4304 |   8323 |   4 | 3760.5 |
    Slime Pits |   2712 |   2562 |    150 |   1747 |    272 |   5 |  542.4 |
  Orcish Mines |   3662 |   3209 |    453 |    777 |   1890 |   2 | 1831.0 |
   Elven Halls |   9589 |   9243 |    346 |   2531 |   5399 |   3 | 3196.3 |
        Vaults |  24645 |  21774 |   2871 |   6863 |  11872 |   5 | 4929.0 |
         Crypt |   7395 |   7072 |    323 |    834 |   4775 |   3 | 2465.0 |
        Depths |  17193 |  15699 |   1494 |   5414 |   7730 |   4 | 4298.2 |
          Hell |    131 |    131 |      0 |      0 |     43 |   1 |  131.0 |
           Zot |   2824 |   2810 |     14 |   1417 |    912 |   1 | 2824.0 |
         Abyss |   2915 |   2915 |      0 |    921 |    475 |   5 |  583.0 |
      Ziggurat |   3990 |   3990 |      0 |   1258 |   1505 |  17 |  234.7 |
        Bailey |   1706 |   1706 |      0 |    360 |    934 |   1 | 1706.0 |
      Ice Cave |   5076 |   5076 |      0 |   4135 |    336 |   1 | 5076.0 |
               +--------+--------+--------+--------+--------+-----+--------+

Top non-repeatable levels by time:
Vaults:4: 8500 daAuts
Vaults:2: 5572 daAuts
Spider:3: 5152 daAuts
   IceCv: 5076 daAuts
Depths:2: 4822 daAuts
Depths:3: 4587 daAuts
Vaults:3: 4142 daAuts
Depths:1: 4091 daAuts
  Lair:5: 3948 daAuts
Vaults:1: 3779 daAuts
Depths:4: 3692 daAuts
 Swamp:4: 3681 daAuts
Spider:4: 3641 daAuts
Spider:2: 3596 daAuts
 Crypt:3: 3468 daAuts
